 Dungeon Crawl Stone Soup version 0.23-a0-458-g93a6ea9 (webtiles) character file.

2895 Porker the Slicer (level 9, -6/65 HPs)
             Began as a Demonspawn Fighter on Nov 26, 2018.
             Was a Follower of Uskayaw.
             Mangled by an orc warrior
             ... wielding a +0 war axe
              (19 damage)
             ... in a bailey.
             The game lasted 00:25:08 (7371 turns).

Porker the Slicer (Demonspawn Fighter)              Turns: 7371, Time: 00:25:10

Health: -6/65      AC: 18    Str: 19    XL:     9   Next: 49%
Magic:  0/10       EV:  5    Int: 11    God:    Uskayaw [*.....]
Gold:   275        SH:  9    Dex: 12    Spells: 8/8 levels left

rFire    . . .     SeeInvis .   z - +2 dagger (venom)
rCold    . . .     Gourm    .   c - +0 shield
rNeg     . . .     Faith    .   l - +2 chain mail {MR+}
rPois    .         Spirit   +   t - +0 helmet
rElec    .         Reflect  .   B - +0 cloak
rCorr    .         Harm     .   m - +0 pair of gloves (curse)
MR       +....                  (no boots)
Stlth    ..........             i - amulet of regeneration
HPRegen  0.60/turn              C - ring of ice
MPRegen  0.12/turn              E - ring of fire

@: no status effects
A: hooves 2, icy blue scales 2, magic shield
a: Stomp, Renounce Religion


You were in a bailey.
You worshipped Uskayaw.
Uskayaw was noncommittal.
You were not hungry.

You visited 2 branches of the dungeon, and saw 8 of its levels.
You also visited: Sewer and Bailey.

You collected 275 gold pieces.

Inventory:

Hand Weapons
 a - a +0 rapier
 b - a +4 short sword of distortion
 p - a +0 trident
 s - a +0 blowgun
 z - a +2 dagger of venom (weapon)
 H - a +2 dagger of speed
Missiles
 j - 72 poisoned needles
Armour
 c - a +0 shield (worn)
 l - a +2 chain mail of magic resistance (worn)
 m - a cursed +0 pair of gloves (worn)
 t - a +0 helmet (worn)
 B - a +0 cloak (worn)
Jewellery
 i - an amulet of regeneration (around neck)
 C - a ring of ice (left hand)
 E - a ring of fire (right hand)
Wands
 r - a wand of acid (7)
Scrolls
 g - a scroll of fear {unknown}
 k - 4 scrolls of remove curse
 o - a scroll of fog
 q - a scroll of immolation {unknown}
 x - 2 scrolls of amnesia
 y - a scroll of blinking {unknown}
 D - a scroll of enchant weapon {unknown}
 G - a scroll of random uselessness {unknown}
 I - a scroll of magic mapping
Potions
 d - 2 potions of might
 e - 7 potions of curing
 h - 3 potions of flight
 n - 3 potions of brilliance
 u - a potion of ambrosia {unknown}
 v - 4 potions of heal wounds
 w - a potion of lignification {unknown}
 A - 2 potions of agility
 J - a potion of mutation {unknown}
Comestibles
 f - 9 rations
 F - 12 chunks of flesh


   Skills:
 + Level 3.9 Fighting
 + Level 10.9 Short Blades
 + Level 4.3 Armour
 - Level 0.4 Stealth
 + Level 3.8 Shields
 * Level 1.9 Invocations


You had 8 spell levels left.
You didn't know any spells.
Your spell library contained the following spells:

 Spells                   Type           Power        Failure   Level  Hunger
 Beastly Appendage        Tmut           #.....       100%        1    ##.....
 Magic Dart               Conj           #...         100%        1    ##.....
 Shock                    Conj/Air       #...         100%        1    ##.....
 Blink                    Tloc           N/A          100%        2    ###....
 Call Imp                 Summ           #.......     100%        2    ###....
 Shroud of Golubria       Chrm/Tloc      #.........   100%        2    ###....
 Slow                     Hex            #.......     100%        2    ###....
 Sticks to Snakes         Tmut           #.......     100%        2    ###....
 Conjure Flame            Conj/Fire      #.......     100%        3    ####...
 Mephitic Cloud           Conj/Pois/Air  #.......     100%        3    ####...
 Portal Projectile        Hex/Tloc       #.....       100%        3    ####...
 Spider Form              Tmut/Pois      #.........   100%        3    ####...
 Teleport Other           Tloc           #.......     100%        3    ####...
 Ice Form                 Ice/Tmut       #.......     100%        4    #####..
 Blade Hands              Tmut           #.........   100%        5    ######.
 Tornado                  Air            #.........   100%        9    #######


Dungeon Overview and Level Annotations

Branches:
Dungeon (7/15)             Temple (1/1) D:7

Altars:
Ashenzari
Elyvilon
Gozag
Hepliaklqana
Makhleb
Qazlal
Ru
Uskayaw
Wu Jian
Xom
Yredelemnul
The Shining One

Annotations:
D:4 1 runed door, Mgcat's ghost, novice DEEE
D:5 2 runed doors


Innate Abilities, Weirdness & Mutations

You have hoof-like feet.
You are mostly covered in icy blue scales. (AC +3)
When hurt, damage is shared between your health and your magic reserves.


Message History

You hit the orc warrior but do no damage.
Your kick misses the orc warrior.
The orc warrior is moderately wounded.
You hit the orc warrior but do no damage.
The orc warrior is moderately wounded.
You block the orc knight's attack.
You hit the orc warrior but do no damage.
You kick the orc warrior.
The orc warrior is severely wounded.
You block the orc warrior's attack.
You hit the orc warrior but do no damage.
The orc warrior looks as sick as possible!
The orc warrior is severely wounded.
You hit the orc warrior but do no damage.
Your kick misses the orc warrior.
The orc warrior is severely wounded.
The orc knight hits you with a +0 war axe!
* * * LOW HITPOINT WARNING * * *
The orc warrior hits you with a +0 war axe!!
You die...

)......_......).'.≈≈≈≈≈≈≈≈
)#...........#)##.≈;≈≈≈≈≈≈
)#############))#.≈≈≈≈≈≈≈≈
.#))..'.'..[[#..#.≈≈≈≈≈≈≈≈
.#)...#.#...[#..#.≈≈≈≈≈≈≈≈
.######.######..#.≈≈≈≈≈≈≈≈
.'..^..∩.....'..#.≈≈≈≈≈≈≈≈
#######.#########+#≈≈≈≈≈≈≈
.#....#.#....#..@o#≈≈≈≈≈≈
.#....'.'....#..o.#≈≈≈≈≈≈
.#############..###≈≈≈;≈≈
.#.....∩.....#.. ≈≈≈≈≈
##≈≈≈≈≈≈≈≈≈≈≈### ≈≈≈≈
≈≈≈≈≈≈≈;≈≈;≈≈≈≈
≈≈≈≈≈≈≈≈≈≈≈≈≈≈≈≈
≈≈≈≈≈≈≈≈≈≈≈≈≈≈≈≈≈
≈≈≈≈≈≈≈≈≈≈≈≈≈≈≈≈≈


You could see an orc knight and an orc warrior.

Vanquished Creatures
  An orc sorcerer (Bailey)
  A kobold demonologist (Bailey)
  A hippogriff (D:7)
  7 orc warriors (Bailey)
  A phantom (D:6)
  3 big kobolds (Sewer)
  A scorpion (D:3)
  An electric eel (Bailey)
  A howler monkey (D:5)
  A jelly (D:7)
  A centaur zombie (D:5)
  A hound (D:4)
  A bullfrog skeleton (D:6)
  6 orc priests
  5 orc wizards
  2 worker ants
  Robin (D:3)
  A howler monkey skeleton (D:5)
  14 adders
  9 gnolls
  5 river rats
  A shadow imp (D:7)
  An ooze (D:1)
  6 worms
  4 dart slugs
  6 leopard geckos
  25 orcs
  10 giant cockroaches
  27 goblins
  19 hobgoblins
  15 jackals
  2 quokkas
  5 ball pythons
  12 bats
  9 frilled lizards
  A jackal skeleton (D:4)
  26 kobolds
  33 rats
266 creatures vanquished.

Notes
Turn   | Place    | Note
-------+----------+-------------------------------------------
     0 | D:1      | Porker the Demonspawn Fighter began the quest for the Orb.
     0 | D:1      | Reached XP level 1. HP: 18/18 MP: 1/1
   172 | D:1      | Reached skill level 2 in Short Blades
   188 | D:1      | Gained mutation: You are partially covered in icy blue
                  | scales. (AC +2) [demonic ancestry]
   188 | D:1      | Reached XP level 2. HP: 23/24 MP: 2/2
   413 | D:1      | Reached XP level 3. HP: 29/29 MP: 3/3
   503 | D:1      | Reached skill level 3 in Short Blades
  1253 | D:2      | Gained mutation: You are mostly covered in icy blue scales.
                  | (AC +3) [demonic ancestry]
  1253 | D:2      | Reached XP level 4. HP: 30/35 MP: 4/4
  1466 | D:2      | Reached skill level 4 in Short Blades
  1621 | D:2      | Found a basalt altar of Yredelemnul.
  1981 | D:3      | Reached XP level 5. HP: 41/41 MP: 5/5
  1985 | D:3      | Noticed Robin
  2274 | D:3      | Reached skill level 5 in Short Blades
  2340 | D:3      | Found a glowing golden altar of the Shining One.
  2424 | D:3      | Gained mutation: You have large cloven feet. [demonic
                  | ancestry]
  2424 | D:3      | Reached XP level 6. HP: 34/47 MP: 6/6
  2712 | D:3      | Killed Robin
  2712 | D:3      | Reached skill level 6 in Short Blades
  3103 | D:4      | Found a runed door.
  3186 | D:4      | Noticed Mgcat's ghost (novice DEEE)
  3400 | D:4      | Found a glowing drain.
  3419 | Sewer    | Entered a sewer
  3654 | Sewer    | Reached XP level 7. HP: 45/52 MP: 7/7
  3655 | Sewer    | Reached skill level 7 in Short Blades
  4260 | D:4      | Reached skill level 8 in Short Blades
  4708 | D:5      | Entered Level 5 of the Dungeon
  4864 | D:5      | Found a runed door.
  4872 | D:5      | Found an ornate altar of the Wu Jian Council.
  4963 | D:5      | Gained mutation: You have hoof-like feet. [demonic
                  | ancestry]
  4963 | D:5      | Reached XP level 8. HP: 58/58 MP: 8/8
  5022 | D:5      | Found a runed door.
  5611 | D:6      | Reached skill level 9 in Short Blades
  5819 | D:6      | Found a shattered altar of Ashenzari.
  6038 | D:7      | Noticed a hippogriff
  6047 | D:7      | Killed a hippogriff
  6134 | D:7      | Found a staircase to the Ecumenical Temple.
  6156 | Temple   | Entered the Ecumenical Temple
  6178 | Temple   | Became a worshipper of Uskayaw the Reveler
  6243 | D:7      | Reached * piety under Uskayaw
  6327 | D:7      | Reached ** piety under Uskayaw
  6399 | D:7      | Found a flagged portal.
  6419 | Bailey   | Entered a bailey
  6486 | Bailey   | Found an iron altar of Okawaru.
  6486 | Bailey   | Noticed an orc sorcerer
  6486 | Bailey   | Noticed a kobold demonologist
  6512 | Bailey   | Noticed a hellwing
  6517 | Bailey   | Killed a kobold demonologist
  6517 | Bailey   | Reached skill level 10 in Short Blades
  6523 | Bailey   | Killed an orc sorcerer
  6523 | Bailey   | Gained mutation: When hurt, damage is shared between your
                  | health and your magic reserves. [demonic ancestry]
  6523 | Bailey   | Reached XP level 9. HP: 50/65 MP: 9/9
  6523 | Bailey   | Reached *** piety under Uskayaw
  6524 | Bailey   | Reached **** piety under Uskayaw
  6759 | Bailey   | Identified the Collected Works on Flying Dislocation
  6849 | Bailey   | HP: 2/65 [something (28)]
  6987 | Bailey   | Reached skill level 1 in Invocations
  7053 | Bailey   | Got an ebony great sword
  7059 | Bailey   | Identified the +2 great sword of Darkness {drain, rPois rF+
                  | rN++} (You acquired it in a bailey)
  7359 | Bailey   | Noticed an orc knight
  7371 | Bailey   | Mangled by an orc warrior

Vault maps used:
D:1:      minmay_arrival_four_houses
D:2:      yredelemnul_altar_generic, minmay_pentomino_w2
D:3:      nicolae_tso_carved_into_rock, uniq_robin
D:4:      ebering_ghost_sewer_d, gup_sewer_entry_bubbles
D:5:      lemuel_insect_pit, first_ration, basic_altar, minmay_misc_feat_plants,
          minivault_25, grunt_decor_arrowhead, minmay_stone_trees_small
D:6:      basic_altar
D:7:      kennysheep_mini_moat, minmay_temple_entry_antechambers, enter_bailey_3
Temple:   regret_index_temple_chain_breaker
Sewer:    sewer_minmay_treatment
Bailey:   bailey_axe_of_yendor_kennysheep, bailey

Skill      XL: |  1  2  3  4  5  6  7  8  9 |
---------------+----------------------------+-----
Short Blades   | 2 3 4 5 6 8 10 | 10.9
Armour         | 3 4 |  4.3
Shields        | 3 |  3.8
Invocations    | 1 |  1.9
Fighting       | |  3.9
Stealth        | |  0.4

Action                   |  1- 3 |  4- 6 |  7- 9 || total
-------------------------+-------+-------+-------++-------
Melee: Rapier            |   194 |   385 |    39 ||   618
       Kick              |       |    51 |   135 ||   186
       Dagger            |       |       |   439 ||   439
       Short sword       |       |       |    10 ||    10
Invok: Stomp             |       |       |     1 ||     1
Evoke: Wand              |       |     1 |       ||     1
  Use: Scroll            |       |     7 |     4 ||    11
       Potion            |       |       |     3 ||     3
 Stab: Paralysed         |       |       |     3 ||     3
  Eat: Chunk             |     1 |     9 |    12 ||    22
Armor: Scale mail        |    93 |   159 |   118 ||   370
       Chain mail        |       |       |    12 ||    12
Dodge: Dodged            |    51 |   101 |    87 ||   239
Block: Shield            |    93 |   133 |   127 ||   353

Table legend:
 A = Non-vault XP
 B = Vault XP
 C = Vault XP percentage of total XP
 D = Non-vault monster count
 E = Vault monster count
 F = Vault count percentage of total count
                 A         B        C        D         E       F
            +---------+---------+-------+---------+---------+-------
      Total |    1604 |    2532 |  61.2 |     156 |     110 |  41.4
            +---------+---------+-------+---------+---------+-------
        D:1 |      61 |       0 |   0.0 |      35 |       0 |   0.0
        D:2 |     126 |       3 |   2.3 |      26 |       2 |   7.1
        D:3 |     287 |      38 |  11.7 |      40 |      12 |  23.1
        D:4 |     347 |      28 |   7.5 |      21 |       6 |  22.2
        D:5 |     166 |       0 |   0.0 |      10 |       0 |   0.0
        D:6 |     263 |       0 |   0.0 |      10 |       0 |   0.0
        D:7 |     354 |       8 |   2.2 |      14 |       4 |  22.2
      Sewer |       0 |     451 | 100.0 |       0 |      48 | 100.0
     Bailey |       0 |    2004 | 100.0 |       0 |      38 | 100.0
            +---------+---------+-------+---------+---------+-------
